 Dungeon Crawl Stone Soup version 0.30-a0-702-gdf48620a09 (webtiles) character file.

Game seed: 3573897803336654487

672 kae the Changer (level 7, -1/56 (57) HPs)
             Began as a Demonspawn Transmuter on Jan 21, 2023.
             Slain by a wight
             ... wielding a +4 long sword
              (7 damage)
             ... on level 5 of the Dungeon.
             The game lasted 00:07:50 (5233 turns).

kae the Changer (Demonspawn Transmuter)             Turns: 5233, Time: 00:07:50

HP:   -1/56 (57)    AC:  6    Str: 10    XL:     7   Next: 32%
MP:   12/12         EV: 10    Int: 17    God:
Gold: 260           SH:  0    Dex: 13    Spells: 3/13 levels left

rFire   x . .      SeeInvis .      - Unarmed
rCold   + + +      Faith    .    (shield currently unavailable)
rNeg    . . .      Spirit   .    (body armour currently unavailable)
rPois   +          Reflect  .    (helmet currently unavailable)
rElec   .          Harm     .    (cloak currently unavailable)
rCorr   .          Rampage  .    (gloves currently unavailable)
Will    .....                    (boots currently unavailable)
Stlth   +                        (no amulet)
HPRegen 0.29/turn                (no ring)
MPRegen 0.13/turn                (no ring)

@: mighty, ice-form, wereblooded, lightly drained
A: freezing attack, amphibious, boosted hp, large, (antennae 2), (hooves 1),
powered by pain 1, (weakness stinger 1)
a: End Transformation


You were on level 5 of the Dungeon.
You were a creature of crystalline ice.
You visited 1 branch of the dungeon, and saw 5 of its levels.

You collected 260 gold pieces.


Innate Abilities, Weirdness & Mutations

You are a creature of crystalline ice.
You have a powerful freezing melee attack.
You are amphibious.
Your maximum health is increased.
Your armour is entirely melded.
You are incapable of wielding weapons or throwing items.
((You have a pair of antennae on your head.))
((You have large cloven feet.))
You sometimes gain a little power by taking damage.
((You have a small tail.))


   Skills:
 - Level 1.0 Fighting
 + Level 3.3 Dodging
 + Level 4.0 Unarmed Combat
 + Level 3.6 Spellcasting
 * Level 4.6 Transmutations
 * Level 1.7 Ice Magic
 - Level 1.5 Poison Magic


You had 3 spell levels left.
You knew the following spells:

 Your Spells              Type           Power      Damage    Failure   Level
a - Beastly Appendage     Tmut           36%        N/A       2%          1
b - Wereblood             Tmut           18%        N/A       3%          2
c - Spider Form           Tmut/Pois      13%        N/A       14%         3
d - Ice Form              Ice/Tmut       13%        N/A       41%         4

Your spell library contained the following spells:

 Spells                   Type           Power      Damage    Failure   Level
 Poisonous Vapours        Pois/Air       10%        N/A       19%         2
 Cigotuvi's Dreadful Rot  Necr/Pois/Air  8%         N/A       21%         2
 Static Discharge         Conj/Air       6%         2-3/arc   26%         2
 Sublimation of Blood     Necr           3%         N/A       26%         2
 Mephitic Cloud           Conj/Pois/Air  4%         N/A       38%         3
 Vhi's Electric Charge    Tloc/Air       6%         N/A       45%         3
 Arcjolt                  Conj/Air       1%         1d11      99%         5
 Lightning Bolt           Conj/Air       1%         1d12      99%         5
 Summon Hydra             Summ           1%         N/A       100%        7

Inventory:

Missiles
 c - 29 stones
 q - 7 poisoned darts
 r - 5 boomerangs
Armour
 a - a +0 robe (melded)
 e - a +1 cloak (melded)
   (You found it on level 1 of the Dungeon)
 l - a +2 pair of boots (melded)
   (You found it on level 3 of the Dungeon)
Jewellery
 C - a ring of ice
   (You found it on level 2 of the Dungeon)
Wands
 i - a wand of flame (18)
   (You found it on level 3 of the Dungeon)
Scrolls
 j - 6 scrolls of teleportation {@r4}
 s - a scroll of enchant weapon
 t - 2 scrolls of fog
Potions
 b - a potion of lignification {!q}
 d - a potion of degeneration {!q}
 f - 2 potions of heal wounds {unknown}
 g - a potion of might {unknown}
 h - 2 potions of brilliance
 k - 3 potions of flight
 m - 2 potions of invisibility {unknown}
 n - 3 potions of curing {@q1}
 o - a potion of magic {unknown}
 p - a potion of resistance

Dungeon Overview and Level Annotations

Branches:
Dungeon (5/15) Zot: 24783
 Temple: D:4-7

Altars:
Dithmenos
Okawaru
Vehumet
Yredelemnul

Annotations:
D:5 3 runed translucent doors, gabibbone's ghost, novice GrEE

... ##§..§§##
....###§....§§##
.....#§§§..§.§.####
z....§§§....§§§...#
.........._.z.....#
............§§....#
.....#§§§...§§§##)#
.....##§§...§§###z####
.....###§..{§###Y....#
.....####.{.## #.....#
.........z..# #.....#
..........### #.....#
..........# #.....#
.....††...# #.....#
..........# #.....#
..........# #.....#
..........# #.....#


You could see a wight.


Message History

Unknown command. 😕 HP[+1]
There are monsters nearby! 😕 HP[+1] 😕 HP[+1] 😕 HP[+1] 😎 HP[+1]
Your hp is fully restored (48).
Casting: Spider Form (dangerous; 14% risk of failure)
Confirm with . or Enter, or press ? or * to list all spells.
The spell is quite dangerous to miscast (45% risk of failure)!
Continue anyway? [Y]es or [N]o only, please.
The spell is quite dangerous to miscast (45% risk of failure)!
Continue anyway?
You turn into a creature of crystalline ice.
Your +1 cloak melds into your body.
Your +2 pair of boots melds into your body.
Your +0 robe melds into your body. 😎 HP[+9] MP[-4]
You now have 57 max hp (+9).
Your hp is fully restored (57).
You lost 4 mp, and now have 8/12 mp.
You barely miss the wight.
The wight hits you with a +0 falchion. 😕 HP[-5]
You take 5 damage, and now have 52/57 hp.
Casting: Ice Form (quite dangerous; 45% risk of failure)
Confirm with . or Enter, or press ? or * to list all spells.
Your blood is infused with primal strength.
The wight barely misses you. The wight hits you with a +0 falchion.
You feel drained. 😕 HP[-7] MP[-2]
You now have 56 max hp (-1).
You take 7 damage, and now have 45/56 hp.
You lost 2 mp, and now have 6/12 mp.
You hit the wight. The wight barely misses you.
You hit the wight. 😕 HP[+1]
You hit the wight. The wight misses you. 😕 MP[+1]
You punch the wight!
You feel a bit better.
You destroy the wight!
Your life force feels restored.
Your Unarmed Combat skill increases to level 4! 😕 HP[+2]
You now have 57 max hp (+1).
You regained 2 hp, and now have 48/57 hp.
A wight comes into view. It is wielding a +4 long sword.
Things that are here:
a +0 falchion; a +0 robe Unknown command. 😕 HP[+1]
Things that are here:
a +0 falchion; a +0 robe 😕 HP[+1]
You barely miss the wight.
The wight hits you with a +0 dagger. 😕 HP[-3] MP[+1]
You take 3 damage, and now have 47/57 hp.
You hit the wight but do no damage. The wight hits you with a +0 dagger.
You feel drained. 😮 HP[-7]
You now have 56 max hp (-1).
You take 7 damage, and now have 40/56 hp.
You hit the wight. The wight closely misses you. 😮 HP[+1]
You punch the wight! You freeze the wight.
You feel a bit better.
You destroy the wight!
You howl as the wereblood boils in your veins!
Your life force feels restored. 😕 HP[+3]
You now have 57 max hp (+1).
You regained 3 hp, and now have 44/57 hp.
You barely miss the wight.
The wight hits you with a +4 long sword!
You feel drained. 😮 HP[-8]
You now have 56 max hp (-1).
You take 8 damage, and now have 36/56 hp.
You barely miss the wight.
The wight hits you with a +4 long sword!
* * * LOW HITPOINT WARNING * * *
😨 HP[-9]
You take 9 damage, and now have 27/56 hp.
You barely miss the wight.
The wight hits you with a +4 long sword!
* * * LOW HITPOINT WARNING * * *
You focus on the pain.
You feel your power returning. 😨 HP[-12] MP[+4]
You take 12 damage, and now have 15/56 hp.
MASSIVE DAMAGE!! (PAUSE)
Your mp is fully restored (12).
You barely miss the wight. The wight closely misses you.
You barely miss the wight.
The wight hits you with a +4 long sword!
* * * LOW HITPOINT WARNING * * *
You focus on the pain.
You feel very mighty all of a sudden. 😱 HP[-10]
You take 10 damage, and now have 5/56 hp.
You punch the wight!
The wight hits you with a +4 long sword!
You die...

Skill      XL: |  1  2  3  4  5  6  7 |
---------------+----------------------+-----
Transmutations | 2 3 4 |  4.6
Dodging        | 2 3 |  3.3
Unarmed Combat | 3 4 |  4.0
Poison Magic   | 1 |  1.5
Spellcasting   | 3 |  3.6
Ice Magic      | 1 |  1.7
Fighting       | |  1.0

Action                   |  1- 3 |  4- 6 |  7- 9 || total
-------------------------+-------+-------+-------++-------
Melee: Unarmed           |   111 |   179 |    27 ||   317
       Kick              |    29 |    27 |       ||    56
       Headbutt          |    10 |       |       ||    10
       Punch             |     3 |     1 |       ||     4
       Tailslap          |     3 |    15 |       ||    18
 Cast: Beastly Appendage |    28 |    25 |       ||    53
       Spider Form       |       |    11 |     1 ||    12
       Wereblood         |       |     1 |     1 ||     2
       Ice Form          |       |       |     1 ||     1
  Use: Scroll            |     6 |    10 |       ||    16
 Stab: Sleeping          |       |     1 |       ||     1
Armor: Robe              |    23 |    26 |       ||    49
       Skin              |       |     5 |       ||     5
Dodge: Dodged            |    88 |   136 |    17 ||   241

Levels and vault maps discovered:
D:1:      minmay_arrival_diagonal_passages, layout_loops_corners
D:2:      layout_loops_ring, nicolae_ecumenical_oubliette, basic_altar
D:3:      layout_loops_ring, amethyst_overflow_temple_binary, st_stairs_6,
          chequers_decorated_corner
D:4:      layout_basic, jmf_multi_god_temple, minmay_ruptured
D:5:      wander_guarded_unrand_ratskin, layout_gridville,
          regret_index_temple_of_mockery, nicolae_dithmenos_the_darkroom,
          gammafunk_ghost_icy, uniq_grinder

Notes
Turn   | Place    | Note
-------+----------+-------------------------------------------
     0 | D:1      | kae the Demonspawn Transmuter began the quest for the Orb.
     0 | D:1      | Reached XP level 1. HP: 15/15 MP: 3/3
     0 | D:1      | magus.rc [v1.11.3]
   316 | D:1      | Reached skill level 2 in Transmutations
   419 | D:1      | You feel monstrous as your demonic heritage exerts itself.
   419 | D:1      | Discovered your monstrous ancestry.
   419 | D:1      | Lost mutation: You have razor-sharp toenails. [demonic
                  | ancestry]
   419 | D:1      | Lost mutation: You have sharp toenails. [demonic ancestry]
   419 | D:1      | Gained mutation: You have large cloven feet. [demonic
                  | ancestry]
   419 | D:1      | Reached XP level 2. HP: 21/21 MP: 3/5
   494 | D:1      | Reached skill level 2 in Dodging
  1139 | D:2      | Found an iron altar of Okawaru.
  1164 | D:2      | Reached skill level 3 in Unarmed Combat
  1164 | D:2      | Gained mutation: You have a small tail. [demonic ancestry]
  1164 | D:2      | Reached XP level 3. HP: 16/26 MP: 3/6
  1355 | D:2      | Found a faded altar of an unknown god.
  1403 | D:2      | Learned a level 2 spell: Wereblood
  1407 | D:2      | Learned a level 3 spell: Spider Form
  1619 | D:2      | HP: 5/26 [poisoned by an adder]
  1623 | D:2      | HP: 2/26 [poisoned by an adder]
  1973 | D:3      | Lost mutation: You have a pair of horns on your head.
                  | [demonic ancestry]
  1973 | D:3      | Lost mutation: You have a pair of small horns on your head.
                  | [demonic ancestry]
  1973 | D:3      | Gained mutation: You have a pair of small antennae on your
                  | head. [demonic ancestry]
  1973 | D:3      | Reached XP level 4. HP: 27/32 MP: 5/7
  2280 | D:3      | Reached skill level 3 in Transmutations
  2435 | D:3      | Reached skill level 1 in Poison Magic
  2444 | D:3      | HP: 8/32 [poisoned by an orc]
  2559 | D:3      | Gained mutation: You sometimes gain a little power by
                  | taking damage. [demonic ancestry]
  2559 | D:3      | Reached XP level 5. HP: 30/37 MP: 6/9
  2712 | D:3      | You pick up a book of Lightning and begin reading...
  2712 | D:3      | You add the spells Static Discharge, Vhi's Electric Charge,
                  | Lightning Bolt and Arcjolt to your library.
  2879 | D:3      | Found an iron altar of Okawaru.
  2890 | D:3      | Found a basalt altar of Yredelemnul.
  3192 | D:4      | Reached skill level 3 in Spellcasting
  3542 | D:4      | Reached XP level 6. HP: 43/43 MP: 8/10
  3740 | D:4      | Found a radiant altar of Vehumet.
  3908 | D:4      | Reached skill level 3 in Dodging
  4143 | D:4      | Reached skill level 4 in Transmutations
  4299 | D:4      | Learned a level 4 spell: Ice Form
  4687 | D:5      | Entered Level 5 of the Dungeon
  4877 | D:5      | You pick up a book of Blood and begin reading...
  4877 | D:5      | You add the spells Sublimation of Blood and Summon Hydra to
                  | your library.
  4902 | D:5      | Found a runed translucent gate.
  4902 | D:5      | Found a runed translucent gate.
  4902 | D:5      | Found a runed translucent gate.
  4963 | D:5      | Noticed gabibbone's ghost (novice GrEE)
  4984 | D:5      | Reached skill level 1 in Ice Magic
  5000 | D:5      | You pick up a book of Vapours and begin reading...
  5000 | D:5      | You add the spells Poisonous Vapours, Cigotuvi's Dreadful
                  | Rot and Mephitic Cloud to your library.
  5025 | D:5      | Found a shadowy altar of Dithmenos.
  5053 | D:5      | Gained mutation: You have a pair of antennae on your head.
                  | [demonic ancestry]
  5053 | D:5      | Reached XP level 7. HP: 24/48 MP: 10/12
  5218 | D:5      | Reached skill level 4 in Unarmed Combat
  5232 | D:5      | HP: 5/56 [wight/+4 long sword (10)]
  5233 | D:5      | Slain by a wight

Vanquished Creatures
  A black bear (D:5)
  A kobold brigand (D:4)
  A scorpion (D:4)
  2 wights (D:5)
  A hound (D:5)
  2 orc priests
  2 iguanas
  An orc wizard (D:4)
  7 adders
  2 ufetubi (D:4)
  2 dart slugs (D:3)
  16 orcs
  8 ball pythons
  5 endoplasms
  2 giant cockroaches
  14 goblins
  3 hobgoblins
  7 jackals
  3 kobolds
  A quokka (D:2)
  7 bats
  A frilled lizard (D:2)
  10 rats
99 creatures vanquished.

Table legend:
 A = Non-vault XP
 B = Vault XP
 C = Vault XP percentage of total XP
 D = Non-vault monster count
 E = Vault monster count
 F = Vault count percentage of total count
                 A         B        C        D         E       F
            +---------+---------+-------+---------+---------+-------
      Total |     943 |      18 |   1.9 |      94 |       5 |   5.1
            +---------+---------+-------+---------+---------+-------
        D:1 |      23 |       0 |   0.0 |      15 |       0 |   0.0
        D:2 |      70 |       0 |   0.0 |      22 |       0 |   0.0
        D:3 |     118 |       4 |   3.3 |      28 |       1 |   3.4
        D:4 |     308 |      14 |   4.3 |      16 |       4 |  20.0
        D:5 |     424 |       0 |   0.0 |      13 |       0 |   0.0
            +---------+---------+-------+---------+---------+-------

Illustrated notes

Table legend:
 A = Kills in this place as a percentage of kills in entire the game.
 B = Kills by you in this place as a percentage of kills by you in the entire game.
 C = Kills by friends in this place as a percentage of kills by friends in the entire game.
 D = Other kills in this place as a percentage of other kills in the entire game.
 E = Experience gained in this place as a percentage of experience gained in the entire game.
 F = Experience gained in this place divided by the number of levels of this place that you have seen.
                   A       B       C       D       E      F
               +-------+-------+-------+-------+-------+----------------------
         Total | 100.0 | 100.0 |   N/A |   N/A | 100.0 | 192.2
       Dungeon | 100.0 | 100.0 |   N/A |   N/A | 100.0 | 192.2
               +-------+-------+-------+-------+-------+----------------------

Table legend: (Time is in decaauts)
 A = Elapsed time spent in this place.
 B = Non-inter-level travel time spent in this place.
 C = Inter-level travel time spent in this place.
 D = Time resting spent in this place.
 E = Time spent auto-exploring this place.
 F = Levels seen in this place.
 G = Mean time per level.
                   A        B        C        D        E       F      G
               +--------+--------+--------+--------+--------+-----+--------+
         Total |   5215 |   5016 |    199 |    188 |   3966 |   5 | 1043.0 |
       Dungeon |   5215 |   5016 |    199 |    188 |   3966 |   5 | 1043.0 |
               +--------+--------+--------+--------+--------+-----+--------+

Top non-repeatable levels by time:
     D:4: 1668 daAuts
     D:2: 1106 daAuts
     D:3: 1058 daAuts
     D:1: 919 daAuts
     D:5: 462 daAuts
